 Dungeon Crawl Stone Soup version 0.30.0-29-ga12c61a403 (webtiles) character file.

Game seed: 5103346491913976723

87 seaoflcl the Chopper (level 4, -4/40 HPs)
             Began as a Hill Orc Fighter on June 4, 2023.
             Succumbed to a scorpion's poison
             ... on level 4 of the Dungeon.
             The game lasted 00:03:12 (2268 turns).

seaoflcl the Chopper (Hill Orc Fighter)             Turns: 2268, Time: 00:03:12

Health: -4/40      AC: 11    Str: 20    XL:     4   Next: 51%
Magic:  4/4        EV:  5    Int:  8    God:
Gold:   192        SH:  4    Dex: 10    Spells: 3/3 levels left

rFire   . . .        a - +0 war axe
rCold   . . .        c - +0 buckler
rNeg    . . .        s - +0 plate armour
rPois   .            m - +0 hat
rElec   .            (no cloak)
rCorr   .            (no gloves)
SInv    .            (no boots)
Will    .....        (no amulet) Stlth
                     (no ring)
HPRegen 0.26/turn    (no ring)
MPRegen 0.09/turn

%: no passive effects
@: mighty, lethally poisoned (-4 -> -20), flying
A: no striking features
a: no special abilities


You were on level 4 of the Dungeon.
You visited 1 branch of the dungeon, and saw 4 of its levels.

You collected 192 gold pieces.

Inventory:

Hand Weapons
 a - a +0 war axe (weapon)
Missiles
 t - 10 poisoned darts (quivered)
 v - 5 atropa-tipped darts
Armour
 c - a +0 buckler (worn)
 k - an orb of guile
 m - a +0 hat (worn)
 s - a +0 plate armour (worn)
Jewellery
 f - a +4 ring of protection
 n - a ring of poison resistance
Wands
 o - a wand of roots (15)
Scrolls
 g - 4 scrolls of identify {unknown}
 h - a scroll of teleportation {unknown}
 l - a scroll of enchant armour {unknown}
 r - a scroll of acquirement {unknown}
Potions
 b - a potion of curing {unknown}
 e - a potion of cancellation {unknown}
 i - a potion of lignification {unknown}
 j - a potion of flight
 p - a potion of heal wounds
 q - a potion of ambrosia {unknown}
 u - a potion of brilliance {unknown}


   Skills:
 + Level 4.0 Fighting
 * Level 5.0 Axes
 + Level 3.8 Armour
 + Level 3.6 Shields


You had 3 spell levels left.
You didn't know any spells.
Your spell library contained the following spells:

 Spells                   Type           Power      Damage    Failure   Level
 Tukima's Dance           Hex            0%         N/A       100%        3
 Passage of Golubria      Tloc           0%         N/A       100%        4
 Yara's Violent Unravell  Hex/Tmut       0%         3d3       100%        5


Dungeon Overview and Level Annotations

Branches:
Dungeon (4/15)
 Temple: D:4-7

Altars:
Sif Muna

Shops:
D:4 ?

Annotations:
D:4 Blork the orc


Message History

The scorpion stings you.
You closely miss the scorpion.
The scorpion is lightly wounded.
You feel sick. The scorpion stings you.
You are lethally poisoned!
The scorpion poisons you!
You barely miss the scorpion.
The scorpion is lightly wounded.
* * * LOW HITPOINT WARNING * * *
You feel very sick. The scorpion stings you.
* * * LOW HITPOINT WARNING * * *
You are more poisoned.
The scorpion poisons you! The scorpion stings you.
* * * LOW HITPOINT WARNING * * *
It was a potion of flight.
You feel very buoyant.
You fly up into the air.
* * * LOW HITPOINT WARNING * * *
You feel very sick. The scorpion barely misses you.
It was a potion of heal wounds.
You feel much better.
* * * LOW HITPOINT WARNING * * *
You feel very sick.
The scorpion stings you but does no damage.
You feel very mighty all of a sudden.
* * * LOW HITPOINT WARNING * * *
You feel very sick. The scorpion stings you.
* * * LOW HITPOINT WARNING * * *
You are more poisoned.
The scorpion poisons you!
You closely miss the scorpion.
The scorpion is lightly wounded.
* * * LOW HITPOINT WARNING * * *
You feel extremely sick.
The scorpion stings you but does no damage. x2
You closely miss the scorpion.
The scorpion is lightly wounded.
You die...

#.....# #
#[.[..###...
#..........#
#.....#
#.##..# #
#g[## #.
#S## #[###s#
#. #....@#
#. ###..##
## #..# ##.
#..# #..
#..# #..
#..## ###..
#...## .....
#.#..# ###..
#.##.##
#....


You could see a scorpion, an adder and a hobgoblin.

Vanquished Creatures
  2 adders
  2 dart slugs
  4 orcs (D:3)
  A ball python (D:4)
  8 bats
  5 endoplasms
  2 giant cockroaches (D:1)
  6 goblins
  5 hobgoblins
  3 quokkas
  5 frilled lizards
  9 kobolds
  3 rats
55 creatures vanquished.

Notes
Turn   | Place    | Note
-------+----------+-------------------------------------------
     0 | D:1      | seaoflcl the Hill Orc Fighter began the quest for the Orb.
     0 | D:1      | Reached XP level 1. HP: 19/19 MP: 1/1
    59 | D:1      | Reached skill level 3 in Axes
    59 | D:1      | Reached XP level 2. HP: 24/27 MP: 2/2
   555 | D:1      | Reached XP level 3. HP: 31/33 MP: 3/3
   715 | D:2      | Reached skill level 4 in Axes
  1604 | D:3      | Reached XP level 4. HP: 40/40 MP: 4/4
  2018 | D:3      | Found a shimmering blue altar of Sif Muna.
  2151 | D:4      | Reached skill level 5 in Axes
  2196 | D:4      | Found Ownet's Magic Scroll Shoppe.
  2196 | D:4      | Noticed Blork the orc
  2196 | D:4      | Noticed an ogre
  2250 | D:4      | Noticed a scorpion
  2264 | D:4      | HP: 2/40 [poisoned by a scorpion]
  2268 | D:4      | Succumbed to a scorpion's poison

Illustrated notes

Levels and vault maps discovered:
D:1:      erik_arrival_cave_to_civilisation [erik_arrival_cave_to_hall],
          layout_rooms, due_unseen_surprise
D:2:      layout_loops_ring
D:3:      layout_loops_ring, lemuel_blue_sif_altar, item_on_display_a
D:4:      layout_rooms, serial_shops, shop, uniq_blork_the_orc

Skill      XL: |  1  2  3  4 |
---------------+-------------+-----
Axes           | 3 4 5 |  5.0
Fighting       | 4 |  4.0
Armour         | |  3.8
Shields        | |  3.6

Action                     |  1- 3 |  4- 6 || total
---------------------------+-------+-------++-------
  Melee: War axe           |   116 |    50 ||   166
    Use: Potion            |       |     3 ||     3
 Armour: Scale mail        |    51 |       ||    51
         Plate armour      |       |    46 ||    46
  Dodge: Dodged            |    58 |    13 ||    71
  Block: Buckler           |    30 |     4 ||    34
